 Dungeon Crawl Stone Soup version 0.21-a0-227-g58a7c62 (webtiles) character file.

1701 Leszczynek the Grappler (level 8, 0/121 HPs)
             Began as a Troll Skald on Aug 30, 2017.
             Was a Believer of Makhleb.
             Slain by a yak (3 damage)
             ... on level 8 of the Dungeon.
             The game lasted 00:16:31 (2874 turns).

Leszczynek the Grappler (Troll Skald)               Turns: 2874, Time: 00:16:32

Health: 0/121      AC: 24    Str: 20    XL:     8   Next: 73%
Magic:  8/8        EV:  1    Int: 10    God:    Makhleb [**....]
Gold:   490        SH:  0    Dex: 10    Spells: 4/9 levels left

rFire    . . .     SeeInvis .     - Unarmed
rCold    . . .     Gourm    +   (no shield)
rNeg     + + +     Faith    .   (armour currently unavailable)
rPois    +         Spirit   .   (helmet currently unavailable)
rElec    .         Reflect  .   (cloak currently unavailable)
rCorr    .         Harm     .   (gloves unavailable)
MR       .....     NoTele   +   (boots unavailable)
Stlth    +.........             (no amulet)
HPRegen  0.70/turn              (no ring)
MPRegen  0.11/turn              (no ring)

@: tree-form, slowed, very slow
A: unfitting armour, fast metabolism 3, gourmand, regeneration 1
a: Minor Destruction, Renounce Religion


You were on level 8 of the Dungeon.
You worshipped Makhleb.
Makhleb was pleased with you.
You were completely stuffed.
You were a tree.
You visited 1 branch of the dungeon, and saw 9 of its levels.
You also visited: Ossuary.

You collected 490 gold pieces.

Inventory:

Missiles
 e - 73 sling bullets
 i - 86 bolts
 q - 5 poisoned javelins (quivered)
 v - 4 tomahawks of returning
 x - 7 tomahawks
 E - 6 javelins
Armour
 a - a +0 robe (melded)
Wands
 k - a wand of clouds (2/9)
 m - a wand of polymorph (10/24)
Scrolls
 f - 3 scrolls of teleportation
 g - 2 scrolls of magic mapping {unknown}
 j - 2 scrolls of remove curse {@r2}
 n - a scroll of fog {unknown}
 r - a scroll of amnesia {unknown}
 u - a scroll of identify {@r1}
 y - a scroll of fear {unknown}
 F - a scroll of enchant weapon {unknown}
Potions
 c - 5 potions of curing {@q1}
 h - a potion of magic {unknown}
 l - 3 potions of lignification {!q}
 p - 2 potions of brilliance
 s - 2 potions of agility {unknown}
 t - a potion of invisibility {unknown}
 z - a potion of degeneration {unknown}
 B - a potion of heal wounds {unknown}
 C - a potion of haste {unknown}
 D - 2 potions of flight {unknown}
Books
 b - a book of Battle

   Spells                             Type                      Level
   a - Infusion                       Charms                       1
   b - Shroud of Golubria             Charms/Translocation         2
   c - Song of Slaying                Charms                       2
   d - Spectral Weapon                Hexes/Charms                 3
   e - Regeneration                   Charms/Necromancy            3
Comestibles
 d - 7 bread rations
 o - 3 fruits
 w - 9 chunks of flesh
 A - a royal jelly


   Skills:
 + Level 5.4 Fighting
 * Level 2.7 Dodging
 - Level 9.0 Unarmed Combat
 - Level 1.2 Spellcasting
 - Level 2.0 Charms
 + Level 1.1 Invocations


You had 4 spell levels left.
You knew the following spells:

 Your Spells              Type           Power        Failure   Level  Hunger
a - Infusion              Chrm           #...         16%         1    ##.....
b - Shroud of Golubria    Chrm/Tloc      #.........   34%         2    ###....
c - Song of Slaying       Chrm           #.......     22%         2    ###....


Dungeon Overview and Level Annotations

Branches:
Dungeon (9/15)
 Temple: D:4-7         Lair: D:8-11         Orc: D:9-12

Altars:
Elyvilon
Gozag
Makhleb
Trog
Xom
Yredelemnul

Shops:
D:6 *

Annotations:
D:6 Leszczynek's ghost, amateur TrSk


Innate Abilities, Weirdness & Mutations

You are too large for most types of armour.
((You have claws for hands.))
Your metabolism is lightning-fast.
You like to eat raw meat.
Your natural rate of healing is unusually fast.
((You are covered in fur. (AC +1)))
((You have very tough skin. (AC +2)))


Message History

The yak barely misses you. The yak gores you.
* * * LOW HITPOINT WARNING * * *
The yak barely misses you. x2
There is a stone staircase leading down here.
Unknown command.
The yak gores you!
* * * LOW HITPOINT WARNING * * *
The yak misses you. The yak gores you but does no damage.
Okay, then.
Enter note: and how is this my fault again?
Enter note: that suddenly a yak pack appeared next to stairs?
Enter note: right after i had to run from a fucking deep elf archer on d:9?
Unknown command.
Really quaff
l - 4 potions of lignification {!q}?
You turn into a tree.
Your +0 robe melds into your body.
Your roots penetrate the ground.
The yak gores you!
* * * LOW HITPOINT WARNING * * *
The yak gores you.
You die...

########
#######.......
###.............
##.#.#####.######
##....# #.# #
##<....## #.### #
##.......##
#.#.####
#[..Y.....#
#..#....
##.♣Y....##
#.#.####
##YY...#####.#.#
# ##.>..........#
# ##..######.###
# #.........)# #
#...#####..# #
#...# #..######
#...#####........
#...##.......####


You could see 4 yaks.

Vanquished Creatures
  A spriggan (D:7)
  A black bear (D:8)
  A phantom (D:4)
  2 ice beasts (D:8)
  A centaur (D:9)
  An ogre (D:8)
  A crocodile (D:8)
  2 big kobolds
  An elf zombie (Ossuary)
  2 bullfrogs
  A crimson imp (D:5)
  A bullfrog zombie (D:5)
  A jelly (D:8)
  3 hounds (D:8)
  An orc wizard (D:5)
  2 iguanas
  Ijyb (D:4)
  2 worker ants (D:4)
  4 big kobold zombies (Ossuary)
  2 mummies (Ossuary)
  Robin (D:3)
  3 gnolls (D:7)
  6 adders
  2 oozes
  2 leopard geckos
  7 orcs
  4 giant cockroaches
  A gnoll zombie (Ossuary)
  12 goblins
  5 hobgoblins
  5 jackals
  11 kobolds
  2 quokkas (D:2)
  A ball python (D:8)
  3 bats
  3 frilled lizards
  2 goblin zombies (Ossuary)
  3 hobgoblin zombies (Ossuary)
  3 orc zombies (Ossuary)
  3 rats
110 creatures vanquished.

Notes
Turn   | Place    | Note
-------+----------+-------------------------------------------
     0 | D:1      | Leszczynek the Troll Skald began the quest for the Orb.
     0 | D:1      | Reached XP level 1. HP: 19/19 MP: 1/1
   249 | D:1      | Reached XP level 2. HP: 23/27 MP: 2/2
   253 | D:1      | Learned a level 2 spell: Shroud of Golubria
   350 | D:2      | Reached skill level 3 in Unarmed Combat
   608 | D:2      | Reached XP level 3. HP: 32/33 MP: 3/3
   704 | D:3      | Found a basalt altar of Yredelemnul.
   707 | D:3      | Found a bloodstained altar of Trog.
   707 | D:3      | Found an opulent altar of Gozag.
   712 | D:3      | Found a burning altar of Makhleb.
   720 | D:3      | Became a worshipper of Makhleb the Destroyer
   751 | D:3      | Noticed Robin
   769 | D:3      | Killed Robin
   780 | D:3      | Reached skill level 4 in Unarmed Combat
   849 | D:3      | Noticed a bullfrog
   856 | D:3      | Killed a bullfrog
   856 | D:3      | Reached skill level 5 in Unarmed Combat
   856 | D:3      | Reached XP level 4. HP: 38/41 MP: 4/4
   999 | D:4      | Found a shimmering altar of Xom.
  1037 | D:4      | Found a white marble altar of Elyvilon.
  1101 | D:4      | Noticed a phantom
  1117 | D:4      | Killed a phantom
  1117 | D:4      | Reached * piety under Makhleb
  1117 | D:4      | Reached skill level 6 in Unarmed Combat
  1117 | D:4      | Reached XP level 5. HP: 27/48 MP: 1/5
  1168 | D:4      | Noticed Ijyb
  1198 | D:4      | Killed Ijyb
  1198 | D:4      | Reached XP level 6. HP: 24/55 MP: 6/6
  1245 | D:4      | HP: 7/55 [bullfrog (9)]
  1273 | D:4      | Found a sand-covered staircase.
  1290 | D:4      | ossuary > sewer
  1296 | Ossuary  | Entered an ossuary
  1339 | Ossuary  | Reached skill level 7 in Unarmed Combat
  1437 | Ossuary  | Reached XP level 7. HP: 62/62 MP: 7/7
  1481 | Ossuary  | wow
  1481 | Ossuary  | that's really shitty
  1524 | Ossuary  | 238 gold and nothing else
  1719 | D:5      | Entered Level 5 of the Dungeon
  1770 | D:5      | Reached ** piety under Makhleb
  1772 | D:5      | Reached skill level 2 in Fighting
  1772 | D:5      | Reached skill level 8 in Unarmed Combat
  1949 | D:6      | Noticed Leszczynek's ghost (amateur TrSk)
  2051 | D:6      | Found Behoy's Serpentskin Sales.
  2079 | D:6      | i actually don't want to spend 300 gold on an rpois ring
  2116 | D:8      | Reached skill level 3 in Fighting
  2222 | D:7      | Noticed a spriggan baker
  2231 | D:7      | Killed a spriggan baker
  2231 | D:7      | Reached XP level 8. HP: 52/78 MP: 5/8
  2301 | D:7      | Learned a level 2 spell: Song of Slaying
  2407 | D:8      | Reached skill level 4 in Fighting
  2542 | D:9      | Noticed a troll
  2543 | D:9      | hmmmmmmmmmmmmmmmmmmmmmmmmm
  2545 | D:8      | there was a centaur there btw
  2663 | D:8      | Reached skill level 5 in Fighting
  2775 | D:8      | Reached skill level 9 in Unarmed Combat
  2789 | D:8      | Reached skill level 2 in Dodging
  2851 | D:9      | Noticed a deep elf archer
  2851 | D:9      | whaaaaaaaaaaaaaaat
  2851 | D:9      | shit
  2851 | D:9      | this is bad
  2851 | D:9      | i guess troll + centaur is still easier than this
  2855 | D:9      | fuck
  2855 | D:9      | i'm dead
  2855 | D:9      | fucking idiot went into teleport trap
  2861 | D:9      | HP: 8/81 [centaur (10)]
  2865 | D:9      | Reached skill level 1 in Invocations
  2871 | D:8      | HP: 16/81 [yak (2)]
  2872 | D:8      | HP: 5/81 [yak (12)]
  2874 | D:8      | and how is this my fault again?
  2874 | D:8      | that suddenly a yak pack appeared next to stairs?
  2874 | D:8      | right after i had to run from a fucking deep elf archer on d:9?
  2874 | D:8      | Slain by a yak

Vault maps used:
D:1:      lightli_arrival_maybe_door_vault
D:2:      overflow_temple_1_default
D:3:      grunt_temple_overflow_open, first_bread, uniq_robin
D:4:      kennysheep_little_box, elyvilon_altar_5, cheibrodos_sewer_entry_bend,
          nicolae_ossuary_entry_monument, uniq_ijyb
D:6:      zin_academy, chequers_temple_overflow_minitemple,
          minmay_temple_entry_purple_smoke, nicolae_benzene_ring,
          minmay_misc_feat_five, guppyfry_shop_venom
D:7:      the_bakery, minmay_misc_feat_nine_boxes
D:9:      minmay_chopped_fan, orc_0_dummy
Ossuary:  minmay_ossuary_gauntlet

Skill      XL: |  1  2  3  4  5  6  7  8 |
---------------+-------------------------+-----
Unarmed Combat | 3 5 6 7 8 9 |  9.0
Fighting       | 3 5 |  5.4
Dodging        | 2 |  2.7
Invocations    | 1 |  1.1
Spellcasting   | |  1.2
Charms         | |  2.0

Action                   |  1- 3 |  4- 6 |  7- 9 || total
-------------------------+-------+-------+-------++-------
Melee: Unarmed           |    89 |   107 |   132 ||   328
       Punch             |     1 |     1 |     3 ||     5
Throw: Javelin           |       |     3 |     4 ||     7
 Cast: Shroud of Golubri |       |     4 |     3 ||     7
Evoke: Wand              |       |       |     1 ||     1
  Use: Potion            |       |     1 |     2 ||     3
       Scroll            |       |       |     6 ||     6
 Stab: Confused          |       |       |     1 ||     1
  Eat: Chunk             |    13 |     4 |    16 ||    33
Armor: Robe              |    23 |    32 |    18 ||    73
Dodge: Dodged            |    42 |    50 |    68 ||   160

Table legend:
 A = Spawn XP
 B = Non-spawn XP
 C = Spawn XP percentage of total XP
 D = Spawn monster count
 E = Non-spawn monster count
 F = Spawn count percentage of total count
 G = Total turns spent on level
                    A         B        C        D         E        F      G
               +---------+---------+-------+---------+---------+-------+---------
         Total |      53 |    2377 |   2.2 |       5 |     105 |   4.5 |  2874
               +---------+---------+-------+---------+---------+-------+---------
           D:1 |       2 |      12 |  14.3 |       1 |       9 |  10.0 |   281
           D:2 |      13 |      16 |  44.8 |       1 |      10 |   9.1 |   360
           D:3 |       3 |     130 |   2.3 |       1 |      19 |   5.0 |   346
           D:4 |      34 |     348 |   8.9 |       1 |      11 |   8.3 |   503
           D:5 |       0 |     157 |   0.0 |       0 |       9 |   0.0 |   162
           D:6 |       0 |      20 |   0.0 |       0 |       2 |   0.0 |   118
           D:7 |       0 |     265 |   0.0 |       0 |       5 |   0.0 |   286
           D:8 |       1 |     920 |   0.1 |       1 |      18 |   5.3 |   439
           D:9 |       0 |     262 |   0.0 |       0 |       6 |   0.0 |   144
       Ossuary |       0 |     247 |   0.0 |       0 |      16 |   0.0 |   235
               +---------+---------+-------+---------+---------+-------+---------
